 Dungeon Crawl Stone Soup version 0.27.1-2-g3b301248ec (webtiles) character file.

Game seed: 2659975251402394237

155887 MajorAdolf the Fighter (level 17, -10/147 HPs)
             Began as a Naga Wanderer on Sept 25, 2021.
             Was an Initiate of Gozag.
             Killed from afar by a deep elf knight (14 damage)
             ... with a shard of ice
             ... on level 2 of the Elven Halls.
             The game lasted 00:54:50 (29788 turns).

MajorAdolf the Fighter (Naga Wanderer)             Turns: 29788, Time: 00:54:52

Health: -10/147    AC: 34    Str: 22    XL:     17   Next: 66%
Magic:  17/17      EV:  7    Int: 12    God:    Gozag
Gold:   1031       SH: 17    Dex: 11    Spells: 16/16 levels left

rFire    + + +     SeeInvis +   E - +9 war axe (elec)
rCold    + . .     Faith    .   B - +0 kite shield
rNeg     . . .     Spirit   .   P - +4 chain mail "Joshriul" {rF++ Slay+3}
rPois    +         Reflect  +   U - +0 mask of the Dragon {Will+ Slay+3 SInv}
rElec    .         Harm     .   t - scarf {rC+ rF+}
rCorr    .         Rampage  .   u - +1 pair of gloves
Will     +++..                  Q - +0 barding
Stlth    ..........             A - amulet of reflection
HPRegen  0.34/turn              j - +4 ring of protection
MPRegen  0.15/turn              p - +4 ring of protection

@: gold aura, contaminated, glowing, very slow
A: AC +5, large, see invisible, deformed body, poison resistance, slowness 2,
spit poison 1, naga tail 2, frail 1
a: Spit Poison, Renounce Religion, Potion Petition, Call Merchant, Bribe Branch


You were on level 2 of the Elven Halls.
You worshipped Gozag.
Gozag was most pleased with you.
You visited 5 branches of the dungeon, and saw 25 of its levels.
You also visited: Ice Cave.

You collected 9420 gold pieces.
You spent 5901 gold pieces at shops.
You paid 2488 gold pieces to Gozag.

Inventory:

Hand Weapons
 b - a +1 broad axe of flaming
 E - a +9 war axe of electrocution (weapon)
 M - a +1 broad axe of draining
Armour
 t - a scarf of resistance (worn)
 u - a +1 pair of gloves (worn)
 B - a +0 kite shield (worn)
 H - a scarf of repulsion
 P - the +4 chain mail "Joshriul" (worn) {rF++ Slay+3}
   (You found it on level 6 of the Lair of Beasts)

   Slay:      It affects your accuracy & damage with ranged weapons and melee
   (+3).
   rF:        It greatly protects you from fire.
 Q - a +0 barding (worn)
 U - the +0 mask of the Dragon (worn) {Will+ Slay+3 SInv}
   (You bought it in a shop on level 2 of the Elven Halls)

   Slay:      It affects your accuracy & damage with ranged weapons and melee
   (+3).
   SInv:      It lets you see invisible.
   Will:      It increases your willpower.
Jewellery
 j - a +4 ring of protection (left hand)
 l - an amulet of regeneration
 n - a ring of fire
 o - a ring of protection from cold
 p - a +4 ring of protection (right hand)
 z - a ring of flight
 A - an amulet of reflection (around neck)
 C - a ring of ice
 K - a ring of protection from fire
Wands
 d - a wand of paralysis (12)
 x - a wand of digging (2)
 F - a wand of flame (85)
 V - a wand of mindburst (20)
 X - a wand of iceblast (29)
 Z - a wand of acid (2)
Scrolls
 a - 3 scrolls of enchant weapon
 e - 7 scrolls of identify
 f - 3 scrolls of holy word
 h - a scroll of acquirement {unknown}
 k - 2 scrolls of enchant armour
 q - 3 scrolls of vulnerability
 s - a scroll of magic mapping
 y - 3 scrolls of amnesia
 D - 2 scrolls of summoning
 L - 2 scrolls of immolation
 O - 13 scrolls of teleportation
 S - 2 scrolls of fear
 Y - 2 scrolls of fog
Potions
 c - 22 potions of curing
 m - 7 potions of heal wounds
 w - 2 potions of magic
 G - 6 potions of haste
 I - 4 potions of invisibility
 J - a potion of berserk rage
 R - a potion of brilliance
 T - 7 potions of might
 W - 2 potions of resistance
Miscellaneous
 g - a condenser vane
 r - a phantom mirror
 v - a lightning rod (4/4)
 N - a box of beasts


   Skills:
 + Level 13.5 Fighting
 + Level 13.1 Axes
 + Level 11.3 Armour
 + Level 11.0 Dodging
 - Level 1.5 Stealth
 + Level 10.6 Shields
 + Level 13.0 Evocations


You had 16 spell levels left.
You didn't know any spells.
Your spell library contained the following spells:

 Spells                   Type           Power      Damage    Failure   Level
 Corona                   Hex            0%         N/A       88%         1
 Magic Dart               Conj           0%         1d3       88%         1
 Call Imp                 Summ           0%         N/A       96%         2
 Ensorcelled Hibernation  Hex/Ice        0%         N/A       96%         2
 Static Discharge         Conj/Air       0%         N/A       96%         2
 Sublimation of Blood     Necr           0%         N/A       96%         2
 Wereblood                Tmut           0%         N/A       96%         2
 Dazzling Flash           Conj/Hex       0%         N/A       99%         3
 Inner Flame              Hex/Fire       0%         N/A       99%         3
 Mephitic Cloud           Conj/Pois/Air  0%         N/A       99%         3
 Portal Projectile        Hex/Tloc       0%         N/A       99%         3
 Stone Arrow              Conj/Erth      0%         3d7       99%         3
 Tukima's Dance           Hex            0%         N/A       99%         3
 Animate Armour           Summ/Erth      0%         N/A       100%        4
 Animate Dead             Necr           0%         N/A       100%        4
 Cause Fear               Hex            0%         N/A       100%        4
 Petrify                  Tmut/Erth      0%         N/A       100%        4
 Agony                    Necr           0%         N/A       100%        5
 Blade Hands              Tmut           0%         N/A       100%        5
 Borgnjor's Vile Clutch   Necr/Erth      0%         N/A       100%        5
 Excruciating Wounds      Necr           0%         N/A       100%        5
 Irradiate                Conj/Tmut      0%         3d14      100%        5
 Iskenderun's Battlesphe  Conj           0%         2d6       100%        5
 Lightning Bolt           Conj/Air       0%         1d11      100%        5
 Silence                  Hex/Air        0%         N/A       100%        5
 Death Channel            Necr           0%         N/A       100%        6
 Iron Shot                Conj/Erth      0%         9d1       100%        6
 Malign Gateway           Summ/Tloc      0%         N/A       100%        7
 Spellforged Servitor     Conj/Summ      0%         N/A       100%        7
 Summon Hydra             Summ           0%         N/A       100%        7
 Discord                  Hex            0%         N/A       100%        8
 Lehudib's Crystal Spear  Conj/Erth      0%         10d2      100%        8
 Maxwell's Capacitive Co  Air            0%         ∞         100%        8
 Summon Horrible Things   Summ           0%         N/A       100%        8


Dungeon Overview and Level Annotations

Branches:
Dungeon (13/15)            Temple (1/1) D:5            Lair (6/6) D:11
  Swamp (0/4) Lair:2       Spider (0/4) Lair:4        Slime (0/5) Lair:5
    Orc (2/2) D:10            Elf (3/3) Orc:2         IceCv (visited)
 Vaults: D:13-14

Altars:
Ashenzari
Cheibriados
Dithmenos
Elyvilon
Fedhas
Gozag
Hepliaklqana
Kikubaaqudgha
Makhleb
Nemelex Xobeh
Okawaru
Qazlal
Ru
Sif Muna
Trog
Uskayaw
Vehumet
Wu Jian
Xom
Yredelemnul
Zin
The Shining One
Jiyva

Shops:
D:4 ?   D:5 (   D:10 (   D:12 !   Orc:2 *![:   Elf:2 =[   Lair:2 *   Lair:5 *

Annotations:
Elf:2 3 runed translucent doors, Donald; Pileg's ghost, adept FoFi


Innate Abilities, Weirdness & Mutations

Your serpentine skin is tough. (AC +5)
You have supernaturally acute eyesight. (SInv)
Armour fits poorly on your strangely shaped body.
Your system is resistant to poisons. (rPois)
You cover ground very slowly.
You can spit poison.
You can use your snake-like lower body to constrict enemies.
You are frail. (-10% HP)


Message History

You hear a loud "Zot"!
You block the Executioner's attack. x2
The Executioner hits you but does no damage.
The +3 trident of distortion hits you!
* * * LOW HITPOINT WARNING * * *
The deep elf pyromancer mumbles some strange words.
The deep elf pyromancer blinks!
The +4 halberd of venom is engulfed in blazing flames.
The +4 halberd of venom hits you but does no damage.
You hear a loud "Zot"!
The deep elf pyromancer is engulfed in blazing flames.
You hear a loud "Zot"!
The deep elf knight hits you but does no damage.
The deep elf knight hits you with a +1 long sword of holy wrath!
* * * LOW HITPOINT WARNING * * *
Unknown command.
Unknown command.
Unknown command.
Unknown command.
Unknown command.
You release your grip on the Executioner.
The Executioner hits you but does no damage.
You block the Executioner's attack. The Executioner barely misses you.
The +3 trident of distortion is engulfed in blazing flames.
The +3 trident of distortion hits you but does no damage.
Space bends around you.
* * * LOW HITPOINT WARNING * * *
You block the Executioner's attack. x2; The Executioner hits you.
* * * LOW HITPOINT WARNING * * *
The +4 halberd of venom is engulfed in blazing flames.
You block the +4 halberd of venom's attack.
Pileg's ghost hits you but does no damage.
You hear a loud "Zot"!
The +3 trident of distortion is engulfed in blazing flames.
The +3 trident of distortion hits you but does no damage.
You blink.
The deep elf knight casts a spell at you.
The shard of ice hits you! You partially resist.
You die...
Your body crumbles into a pile of gold.

#.........# ###
#.#######.###.# #.# #.##.##
##.#######.#[## *
####e.#.#......## *
##EW§).....###.#.## *
#####e☼(e1###### #.##.##*
#...$°(EE(#♣.^.♣##.###.#*
#.####..@e#..(#.#..# #.# #.#
#..ee#^....######.# #.#
#^.e°#.#.#[##.....# #.#
##....'^/^..##.###.#* #.#
#.....'.#.#[##.# #.#*
#.###.....'^....##.# #.#*
###..##.^.^.#.#.#)##.###.#*
##........^.^#^.^..##.....#*
####............#.^.#.#'.....#


You could see an Executioner, 4 deep elf knights, 3 deep elf pyromancers, 3 fire
elementals, 3 dancing weapons and Pileg's ghost.

Vanquished Creatures
  2 deep elf blademasters (Elf:3)
  2 deep elf master archers (Elf:3)
  An azure jelly (Elf:2)
  5 deep elf sorcerers
  An orc warlord (Orc:1)
  4 deep elf elementalists
  2 very ugly things (IceCv)
  The ghost of 15bullets the Cleaver, a journeyman FoFi of Okawaru (Lair:6)
  11 deep elf demonologists
  6 deep elf annihilators
  3 deep elf death magi
  The ghost of ioannis32 the Protected, a journeyman DsBe of Trog (Orc:1)
  The ghost of diceflayer the Carver, a journeyman MiFi of Okawaru (D:10)
  3 deep elf high priests (Elf:3)
  Erolcha (Orc:1)
  A hydra (D:9)
  Harold (D:9)
  A catoblepas (Lair:6)
  A vault guard (D:13)
  2 boulder beetles
  2 caustic shrike simulacra (IceCv)
  Erica (D:11)
  3 two-headed ogres
  A centaur warrior (Orc:1)
  Urug (Lair:1)
  5 death yaks (Lair:5)
  Nergalle (Lair:3)
  8 deep elf knights
  2 bog bodies (Lair:2)
  9 deep elf archers
  6 orc knights
  9 deep elf pyromancers
  2 orange crystal statues (IceCv)
  4 orc sorcerers
  12 deep elf zephyrmancers
  2 ugly things (D:12)
  3 oklob plants
  3 manticores
  5 cyclopes
  2 centaur zombies
  4 elephants
  8 black mambas
  16 cane toads
  2 unseen horrors
  6 rime drakes
  6 freezing wraiths
  7 komodo dragons
  4 golden dragon simulacra (IceCv)
  A queen bee (Lair:6)
  4 trolls
  A meliai (Lair:6)
  12 polar bears
  2 hornets (Lair:6)
  33 blink frogs
  11 dream sheep
  A raiju (Lair:6)
  A slime creature (D:12)
  An air elemental (Elf:2)
  A vampire (D:12)
  A redback (Lair:4)
  7 wyverns
  4 basilisks
  80 yaks
  3 wraiths
  A water elemental (Elf:3)
  A fire elemental (Elf:3)
  A steam dragon (Lair:4)
  Grum (D:8)
  2 vampire mosquitoes (D:10)
  12 wargs
  3 harpy simulacra (IceCv)
  2 swamp worms (Lair:2)
  3 hydra simulacra (IceCv)
  3 acid dragons
  12 water moccasins
  14 hell hounds (Lair:6)
  An ettin simulacrum (IceCv)
  2 sky beasts
  12 black bears
  37 orc warriors
  A hornet zombie (D:7)
  An alligator simulacrum (IceCv)
  14 centaurs
  9 ogres
  33 wolves
  2 phantoms
  6 kobold brigands
  Blork the orc (D:6)
  11 bullfrogs
  2 gnoll sergeants
  An earth elemental (Elf:2)
  A two-headed ogre simulacrum (Orc:1)
  2 scorpions
  17 killer bees
  2 lindwurm simulacra (IceCv)
  5 electric eels
  8 wights
  7 howler monkeys
  2 bullfrog zombies
  A hound (D:5)
  4 jellies
  2 centaur skeletons
  18 orc priests
  2 iguanas (D:6)
  26 orc wizards
  A spectral orc (Orc:1)
  A warg simulacrum (Orc:1)
  Natasha (thrice) (D:2)
  15 gnolls
  8 adders
  An ogre simulacrum (Orc:1)
  2 white imps (D:6)
  6 worms
  80 orcs
  4 orc simulacra (Orc:1)
  6 ball pythons
  A bat (D:1)
  4 endoplasms
  7 giant cockroaches
  7 goblins
  5 hobgoblins
  4 jackals
  41 kobolds
  9 quokkas
  4 frilled lizards
  A rat (D:2)
  A bush (Lair:6)
843 creatures vanquished.

Vanquished Creatures (others)
  10 dancing weapons
  3 deep elf knights
  A deep elf archer (Elf:2)
  22 bushes (Lair:5)
  50 fungi
  72 plants
158 creatures vanquished.

Grand Total: 1001 creatures vanquished

Notes
Turn   | Place    | Note
-------+----------+-------------------------------------------
     0 | D:1      | MajorAdolf the Naga Wanderer began the quest for the Orb.
     0 | D:1      | MajorAdolf set off with the following items: a +2 hand axe,
                  | a scroll of teleportation, a potion of curing, a +0 robe
     0 | D:1      | Reached XP level 1. HP: 22/22 MP: 1/1
   443 | D:1      | Reached XP level 2. HP: 30/30 MP: 2/2
   612 | D:1      | Found a faded altar of an unknown god.
  1245 | D:1      | Reached XP level 3. HP: 26/36 MP: 3/3
  1887 | D:2      | Reached skill level 1 in Dodging
  2265 | D:2      | Noticed Natasha
  2276 | D:2      | Killed Natasha
  2277 | D:2      | Reached XP level 4. HP: 40/45 MP: 4/4
  2824 | D:2      | Noticed Natasha
  2829 | D:2      | Killed Natasha
  2927 | D:2      | Noticed Natasha
  2940 | D:2      | Killed Natasha
  2941 | D:2      | Reached XP level 5. HP: 17/51 MP: 5/5
  3276 | D:3      | Found a radiant altar of Vehumet.
  3484 | D:3      | Reached XP level 6. HP: 58/58 MP: 6/6
  3587 | D:3      | Found a shimmering blue altar of Sif Muna.
  3948 | D:4      | Identified the +0 plate armour of Tomorrow {Str+4}
  4043 | D:4      | Reached skill level 5 in Fighting
  4442 | D:4      | Found Ruckauk's Magic Scroll Emporium.
  4574 | D:5      | Entered Level 5 of the Dungeon
  4626 | D:5      | Reached XP level 7. HP: 67/67 MP: 7/7
  4927 | D:5      | Found Cebociu's Antique Weapon Shoppe.
  4989 | D:5      | Found a staircase to the Ecumenical Temple.
  4993 | Temple   | Entered the Ecumenical Temple
  6005 | D:6      | Noticed Blork the orc
  6013 | D:6      | Killed Blork the orc
  6014 | D:6      | Reached XP level 8. HP: 61/76 MP: 8/8
  6988 | D:6      | Reached skill level 5 in Axes
  6988 | D:6      | Reached skill level 1 in Shields
  7059 | D:7      | Reached XP level 9. HP: 66/82 MP: 9/9
  7074 | D:7      | Found a bloodstained altar of Trog.
  7235 | D:7      | Found a broken altar of Ashenzari.
  7558 | D:7      | Found an opulent altar of Gozag.
  7559 | D:7      | Found a glowing silver altar of Zin.
  7573 | D:7      | Became a worshipper of Gozag Ym Sagoz the Greedy
  7698 | D:7      | Found a sparkling altar of Nemelex Xobeh.
  7700 | D:7      | Found a shimmering altar of Xom.
  7700 | D:7      | Found a snail-covered altar of Cheibriados.
  7732 | D:7      | Found a bloodstained altar of Trog.
  7732 | D:7      | Found a bloodstained altar of Trog.
  7732 | D:7      | Found an ornate altar of the Wu Jian Council.
  7865 | D:7      | Reached skill level 5 in Evocations
  8205 | D:8      | Noticed Grum
  8213 | D:8      | Found a hide-covered altar of Uskayaw.
  8215 | D:8      | Killed Grum
  8216 | D:8      | Reached skill level 5 in Armour
  8313 | D:8      | Reached XP level 10. HP: 89/94 MP: 10/10
  8854 | D:9      | Found a snail-covered altar of Cheibriados.
  8855 | D:9      | Noticed Harold
  8873 | D:9      | Killed Harold
  8874 | D:9      | Reached skill level 5 in Dodging
  9024 | D:9      | Found a sparkling altar of Nemelex Xobeh.
  9052 | D:9      | Noticed a four-headed hydra
  9061 | D:9      | Killed a one-headed hydra
  9211 | D:9      | Found a sacrificial altar of Ru.
  9534 | D:10     | Entered Level 10 of the Dungeon
  9908 | D:10     | Found a runed translucent door.
  9911 | D:10     | Noticed diceflayer's ghost (journeyman MiFi)
 10019 | D:10     | Reached XP level 11. HP: 27/103 MP: 11/11
 10098 | D:10     | Bought a glowing broad axe for 224 gold pieces
 10434 | D:10     | Found a staircase to the Orcish Mines.
 10695 | D:11     | Noticed Erica
 10713 | D:11     | Killed Erica
 10814 | D:11     | Noticed a cyclops
 10833 | D:11     | Killed a cyclops
 10834 | D:11     | Reached skill level 5 in Shields
 10916 | D:11     | Noticed a cyclops
 10925 | D:11     | Killed a cyclops
 11049 | D:11     | Noticed a manticore
 11058 | D:11     | Killed a manticore
 11261 | D:11     | Found a staircase to the Lair.
 11592 | D:12     | Noticed a cyan ugly thing
 11599 | D:12     | Killed a cyan ugly thing
 11643 | D:12     | Found Qohon's Distillery.
 11643 | D:12     | Noticed a boulder beetle
 11655 | D:12     | Killed a boulder beetle
 11826 | D:12     | Bought a potion of berserk rage for 75 gold pieces
 11826 | D:12     | Bought a potion of curing for 45 gold pieces
 11826 | D:12     | Bought a potion of might for 60 gold pieces
 11826 | D:12     | Bought a potion of heal wounds for 75 gold pieces
 11826 | D:12     | Bought a potion of brilliance for 60 gold pieces
 11826 | D:12     | Bought 2 potions of flight for 90 gold pieces
 11826 | D:12     | Bought a potion of curing for 45 gold pieces
 11826 | D:12     | Bought a potion of magic for 120 gold pieces
 11826 | D:12     | Bought a potion of haste for 150 gold pieces
 11826 | D:12     | Bought a potion of lignification for 45 gold pieces
 11857 | D:12     | Reached XP level 12. HP: 114/114 MP: 12/12
 12237 | D:12     | Noticed a two-headed ogre
 12245 | D:12     | Killed a two-headed ogre
 12725 | D:13     | Noticed a two-headed ogre
 12726 | D:13     | Noticed a boulder beetle
 12735 | D:13     | Killed a two-headed ogre
 12739 | D:13     | Killed a boulder beetle
 12747 | D:13     | Noticed a vault guard
 12760 | D:13     | Killed a vault guard
 12779 | D:13     | Noticed a death knight
 12866 | Lair:1   | Entered Level 1 of the Lair of Beasts
 13075 | Lair:1   | Gained mutation: You can use your snake-like lower body to
                  | constrict enemies. [Naga growth]
 13075 | Lair:1   | Reached XP level 13. HP: 123/123 MP: 13/13
 13080 | Lair:1   | Reached skill level 10 in Fighting
 13212 | Lair:1   | Noticed Urug
 13227 | Lair:1   | Killed Urug
 14168 | Lair:2   | Bought a scroll labelled ENIDIL JIJIHO for 36 gold pieces
 14168 | Lair:2   | Bought a fuming green potion for 32 gold pieces
 14168 | Lair:2   | Bought a glimmering leather armour for 252 gold pieces
 14168 | Lair:2   | Identified the +3 leather armour of the Abyss {rPois} (You
                  | bought it in a shop on level 2 of the Lair of Beasts)
 14822 | Lair:2   | Found a staircase to the Swamp.
 15044 | Lair:3   | Noticed Nergalle
 15056 | Lair:3   | Killed Nergalle
 15247 | Lair:3   | Reached skill level 10 in Axes
 16154 | Lair:4   | Reached XP level 14. HP: 120/133 MP: 14/14
 16213 | Lair:4   | Reached skill level 10 in Evocations
 16387 | Lair:4   | Found a hole to the Spider Nest.
 17203 | Lair:5   | Found a staircase to the Slime Pits.
 17203 | Lair:5   | Found a viscous altar of Jiyva.
 17224 | Lair:5   | Bought a scroll labelled TAWOOJ BEUXOTU for 25 gold pieces
 17224 | Lair:5   | Bought an opalescent robe for 142 gold pieces
 17224 | Lair:5   | Identified the +1 robe of Imuhecesed {Int+7 Stlth+} (You
                  | bought it in a shop on level 5 of the Lair of Beasts)
 18281 | Lair:6   | Entered Level 6 of the Lair of Beasts
 18501 | Lair:6   | Noticed 15bullets's ghost (journeyman FoFi)
 18570 | Lair:6   | Found a transporter.
 18573 | Lair:6   | Found a transporter.
 19175 | Lair:6   | Reached XP level 15. HP: 142/142 MP: 15/15
 19393 | Lair:5   | Bought an ichor-stained plate armour for 700 gold pieces
 19393 | Lair:5   | Identified the +1 plate armour "Jeiqusie" {Str+4} (You
                  | bought it in a shop on level 5 of the Lair of Beasts)
 19490 | Lair:6   | Identified the +4 chain mail "Joshriul" {rF++ Slay+3}
 20246 | Orc:1    | Entered Level 1 of the Orcish Mines
 20249 | Orc:1    | Noticed Erolcha
 20258 | Orc:1    | Killed Erolcha
 20465 | Orc:2    | Entered Level 2 of the Orcish Mines
 20865 | Orc:2    | Found a staircase to the Elven Halls.
 21464 | Orc:2    | Found Haciq's Armour Emporium.
 21464 | Orc:2    | Found Nuir's Distillery.
 21466 | Orc:2    | Found Ofuloh's General Store.
 21468 | Orc:2    | Found Keicyrghu's Book Shoppe.
 21472 | Orc:2    | Bought a scarf of resistance for 384 gold pieces
 21473 | Orc:2    | Bought 2 potions of might for 136 gold pieces
 21473 | Orc:2    | Bought 2 potions of might for 136 gold pieces
 21473 | Orc:2    | Bought a potion of heal wounds for 85 gold pieces
 21473 | Orc:2    | Bought a potion of heal wounds for 85 gold pieces
 21473 | Orc:2    | Bought a potion of invisibility for 136 gold pieces
 21473 | Orc:2    | Bought a potion of curing for 51 gold pieces
 21473 | Orc:2    | Bought a potion of curing for 51 gold pieces
 21473 | Orc:2    | Bought a potion of curing for 51 gold pieces
 21473 | Orc:2    | Bought a potion of curing for 51 gold pieces
 21481 | Orc:2    | Bought a scroll of enchant weapon for 97 gold pieces
 21481 | Orc:2    | Bought a scroll of teleportation for 39 gold pieces
 21780 | D:4      | Bought a scroll of teleportation for 30 gold pieces
 21780 | D:4      | Bought a scroll of teleportation for 30 gold pieces
 21780 | D:4      | Bought 3 scrolls of teleportation for 90 gold pieces
 21780 | D:4      | Bought a scroll of enchant weapon for 75 gold pieces
 21780 | D:4      | Bought a scroll of enchant weapon for 75 gold pieces
 21780 | D:4      | Bought a scroll of enchant weapon for 75 gold pieces
 21780 | D:4      | Bought a scroll of holy word for 75 gold pieces
 21780 | D:4      | Bought a scroll of enchant weapon for 75 gold pieces
 21780 | D:4      | Bought a scroll of brand weapon for 200 gold pieces
 21780 | D:4      | Bought a scroll of enchant armour for 75 gold pieces
 22301 | Orc:1    | Noticed an orc warlord
 22315 | Orc:1    | Killed an orc warlord
 22551 | Orc:1    | Found a runed translucent gate.
 22551 | Orc:1    | Found a runed translucent gate.
 22552 | Orc:1    | Found a runed translucent gate.
 22651 | Orc:1    | Noticed ioannis32's ghost (journeyman DsBe)
 22782 | Orc:1    | Killed ioannis32's ghost
 22971 | D:10     | Killed diceflayer's ghost
 23360 | Lair:4   | Reached skill level 10 in Armour
 23545 | Lair:6   | Killed 15bullets's ghost
 23924 | Elf:1    | Entered Level 1 of the Elven Halls
 23934 | Elf:1    | Noticed a balrug
 23936 | Elf:1    | Noticed a Tzitzimitl
 24192 | Elf:1    | Reached XP level 16. HP: 147/153 MP: 16/16
 24218 | Elf:1    | You fall into a shaft and drop 1 floor!
 24218 | Elf:2    | Found Mecwiv's Armour Shoppe.
 24227 | Elf:2    | Bought the +0 mask of the Dragon {Will+ Slay+3 SInv} for
                  | 501 gold pieces
 24227 | Elf:2    | Found the +0 mask of the Dragon {Will+ Slay+3 SInv}
 24422 | Elf:2    | Found a frozen archway.
 24422 | Elf:2    | Noticed an azure jelly
 24426 | Elf:2    | Reached skill level 10 in Dodging
 24435 | Elf:2    | Killed an azure jelly
 24451 | IceCv    | Entered an ice cave
 25435 | Elf:2    | Found a runed translucent gate.
 25435 | Elf:2    | Found a runed translucent gate.
 25435 | Elf:2    | Found a runed translucent gate.
 25440 | Elf:2    | Noticed Pileg's ghost (adept FoFi)
 25627 | Elf:2    | Found Itizuixt's Jewellery Boutique.
 25661 | Elf:2    | Bought a +4 ring of protection for 612 gold pieces
 25717 | Elf:2    | Identified the ring "Jewauz" {Str-3 Int+7 SInv}
 25851 | Elf:2    | Paralysed by an air elemental for 1 turns
 25967 | Elf:2    | Found a runed translucent gate.
 25968 | Elf:2    | Found a runed translucent gate.
 25968 | Elf:2    | Found a runed translucent gate.
 26201 | Elf:2    | Noticed Donald
 26279 | Elf:3    | Entered Level 3 of the Elven Halls
 26504 | Elf:2    | Reached skill level 10 in Shields
 26523 | Elf:3    | Noticed a deep elf master archer
 26870 | Elf:2    | Bought an amulet of reflection for 510 gold pieces
 26929 | Elf:3    | Killed a deep elf master archer
 27200 | Elf:3    | Identified the +3 robe "Onoejum" {Dex+5}
 27393 | Elf:3    | Noticed a deep elf master archer
 27397 | Elf:3    | Killed a deep elf master archer
 27398 | Elf:3    | Reached XP level 17. HP: 125/163 MP: 17/17
 27431 | Elf:3    | Identified the +5 war axe of Famine {flame, Int+3 Stlth+}
 27654 | Elf:3    | Noticed an Executioner
 27876 | Elf:3    | Noticed an Ice Fiend
 27979 | Elf:3    | Noticed a Tzitzimitl
 28354 | Elf:3    | Noticed a Tzitzimitl
 28457 | Elf:3    | Noticed an Executioner
 29197 | Elf:3    | Noticed a deep elf blademaster
 29205 | Elf:3    | Killed a deep elf blademaster
 29375 | Elf:3    | Identified the +7 plate armour of Dyspraxia {rElec rN+++
                  | Str-4 Dex+5}
 29378 | Elf:3    | Identified the +0 leather armour of Kelamu Kurchu {rF+
                  | Will+}
 29386 | Elf:3    | Noticed a Hell Sentinel
 29422 | Elf:3    | Noticed a deep elf blademaster
 29449 | Elf:3    | Killed a deep elf blademaster
 29782 | Elf:2    | Gained mutation: You are frail. (-10% HP) [mutagenic glow]
 29785 | Elf:2    | Noticed an Executioner
 29788 | Elf:2    | HP: 6/147 [+3 trident of distortion (4)]
 29788 | Elf:2    | Killed from afar by a deep elf knight

Illustrated notes

Levels and vault maps discovered:
D:1:      dpeg_arrival_central, layout_loops_ring,
          chequers_ecumenical_altar_simple_redux
D:2:      layout_loops_ring, minmay_worlds_worst_comb, uniq_natasha
D:3:      layout_loops_ring, mainiacjoe_overflow_brackets, led_sif_pool,
          serial_aquarium, aquarium_bridge_square [aquarium_subvault_window,
          aquarium_subvault_bridge, aquarium_subvault_bridge,
          aquarium_subvault_balcony], aquarium_bridge_island_small
          [aquarium_subvault_small_water, aquarium_subvault_wall,
          aquarium_subvault_bridge, aquarium_subvault_window,
          aquarium_subvault_bridge], aquarium_window_3, aquarium_window_fake,
          aquarium_view_2a, aquarium_view_2g, aquarium_balcony_1b,
          aquarium_pool_1
D:4:      layout_basic, serial_shops, shop, grunt_ministairs_12,
          kennysheep_generic_room_5
D:5:      layout_basic, minmay_temple_entry_steel_oval, serial_shops, shop
D:6:      layout_basic, uniq_blork_the_orc
D:7:      layout_basic, grunt_temple_overflow_gold_and_silver,
          lemuel_doored_altar, doesnt_xom_only_xom,
          mainiacjoe_overflow_small_starburst, st_stairs_7, nicolae_sextant,
          kennysheep_diamond, grunt_ministairs_3
D:8:      layout_rooms, eat_drink_and_be_merry_uskayaw, uniq_grum
D:9:      layout_loops_cross, kennysheep_mini, nicolae_ru_awakened_eye,
          old_standard_altar, nicolae_zen_rock_garden, uniq_harold
D:10:     layout_roguey, hiddenorc1_lemuel, ebering_ghost_reflecting_pool
D:11:     cheibrodos_helix_gallery, layout_basic, lair_entry_dummy, uniq_erica
D:12:     layout_irregular_city, chequers_serial_rivers_micro_d,
          kennysheep_windowed_goal
D:13:     lemuel_castle_with_subvaults [lemuel_castle_interior_carwin_2],
          layout_irregular_city, david_vaults_5, uniq_nessos
Temple:   minmay_temple_curvy_loop
Lair:1:   layout_regular_city, wad_woods_river_01, uniq_urug
Lair:2:   layout_loops_ring, nicolae_swamp_entry_splash_gauntlet,
          chequers_serial_rivers_micro_c, small_statue_intersection
Lair:3:   nzn_winding_woodlands_cross [nzn_winding_woodlands_5x15_zeroes,
          nzn_winding_woodlands_5x15_concentric,
          nzn_winding_woodlands_5x15_default, nzn_winding_woodlands_5x15_parted,
          nzn_winding_woodlands_15x15_killbox], layout_concentric_octagons,
          uniq_nergalle
Lair:4:   layout_regular_city, spider_nest_entry_rubble,
          minmay_lair_oklob_chamber
Lair:5:   layout_layer_cave, slime_altar_1, minmay_hedge_maze,
          grunt_megastairs_5
Lair:6:   hangedman_lair_caniforms_friends, layout_gridlike,
          gammafunk_ghost_hive, minivault_23, grunt_megastairs_4
Orc:1:    layout_caves, gammafunk_ghost_necromancy, mines3_lemuel, uniq_erolcha
Orc:2:    st_orc_rangers, layout_caves
Elf:1:    eino_elf_arrival_the_gate, layout_rooms, minivault_28, evilmike_ambush
          [evilmike_ambush_outer_pillars, evilmike_ambush_inner_basic]
Elf:2:    nicolae_elf_blades_crystal_corner, layout_loops_corners, serial_shops,
          nicolae_shop_statue_plus, shop, gammafunk_ghost_tricky_traps,
          portal_ice_cave_entry_frozen_things,
          amcnicky_mini_rare_corridor_liquid, uniq_donald
Elf:3:    grunt_elf_hall_diamonds, layout_loops_ring,
          serial_sigils_hangedman_clutch, st_stairs_14

Skill      XL: |  1  2  3  4  5  6  7  8  9 10 11 12 13 14 15 16 17 |
---------------+----------------------------------------------------+-----
Armour         | 2 3 4 5 6 7 8 9 10 11 | 11.3
Dodging        | 1 2 3 4 5 6 7 8 9 10 11 | 11.0
Axes           | 3 4 5 6 7 8 9 10 11 12 13 | 13.1
Evocations     | 2 3 4 5 6 7 8 9 10 11 12 13 | 13.0
Fighting       | 5 6 7 8 9 10 11 12 13 | 13.5
Shields        | 1 3 4 5 6 7 8 9 10 | 10.6
Stealth        | |  1.5

Action                   |  1- 3 |  4- 6 |  7- 9 | 10-12 | 13-15 | 16-18 || total
-------------------------+-------+-------+-------+-------+-------+-------++-------
Melee: Hand axe          |    82 |   172 |    40 |     6 |       |       ||   300
       Whip              |       |       |   191 |       |       |       ||   191
       War axe           |       |       |    85 |   524 |  1141 |   378 ||  2128
       Constrict         |       |       |       |       |   252 |    69 ||   321
Invok: Call Merchant     |       |       |       |     1 |     2 |       ||     3
 Abil: Spit Poison       |    18 |    13 |    10 |     4 |       |     2 ||    47
Evoke: Wand              |       |       |       |    12 |     6 |     6 ||    24
       Lightning rod     |       |       |       |       |     1 |     4 ||     5
       Box of beasts     |       |       |       |       |       |     1 ||     1
  Use: Scroll            |       |       |     1 |     1 |    28 |     4 ||    34
       Potion            |       |       |       |     4 |     4 |     2 ||    10
 Stab: Sleeping          |     1 |       |       |       |       |       ||     1
       Distracted        |       |       |     1 |     1 |    13 |     1 ||    16
       Paralysed         |       |       |       |    10 |       |       ||    10
Armor: Robe              |     8 |       |       |       |       |       ||     8
       Ring mail         |    14 |    37 |       |       |       |       ||    51
       Plate armour      |       |    43 |   176 |   303 |    28 |       ||   550
       Fire dragon scale |       |       |       |    25 |       |       ||    25
       Leather armour    |       |       |       |       |   274 |       ||   274
       Chain mail        |       |       |       |       |   288 |   258 ||   546
Dodge: Dodged            |    41 |    70 |   131 |   142 |   382 |    90 ||   856
       Repelled          |       |       |       |     4 |     1 |       ||     5
Block: Kite shield       |       |       |   103 |   283 |   649 |   283 ||  1318
       Reflection        |       |       |       |       |       |    23 ||    23
